 Dungeon Crawl Stone Soup version 0.18-a0-1514-g6ed9364 (webtiles) character file.

21 Amnesiac the Magician (level 2, -2/19 HPs)
             Began as a Mummy Wizard on Mar 6, 2016.
             Slain by a giant frog skeleton (5 damage)
             ... on level 4 of the Dungeon.
             The game lasted 00:01:41 (759 turns).

Amnesiac the Magician (Mummy Wizard)                 Turns: 759, Time: 00:01:41

Health: -2/19      AC:  2    Str: 10    XL:     2   Next: 65%
Magic:  0/6        EV: 12    Int: 17    God:
Gold:   17         SH:  0    Dex: 10    Spells: 2 memorised, 4 levels left

rFire  x . .     SeeInvis .     f - +0 short sword
rCold  + . .     Gourm    .     a - +0 robe
rNeg   + + +     Faith    .     (no shield)
rPois  ∞         Spirit   .     b - +0 hat
rElec  .         Dismiss  .     (no cloak)
rCorr  .         Reflect  .     (no gloves)
SustAt .         Harm     .     (no boots)
MR     .....                    (no amulet)
Stlth  ++........               (no ring)
                                (no ring)

@: very slightly contaminated, not resistant to hostile enchantments, unstealthy
A: no food or potions, fire vulnerability, cold resistance 1, negative energy
resistance 3, torment resistance, unbreathing
a: no special abilities


You were on level 4 of the Dungeon.
You were not hungry.

You visited 1 branch of the dungeon, and saw 4 of its levels.

You collected 17 gold pieces.

Inventory:

Hand Weapons
 f - a +0 short sword (weapon)
 g - a +0 dagger
Missiles
 e - 15 poisoned needles
Armour
 a - a +0 robe (worn)
 b - a +0 hat (worn)
Scrolls
 d - a scroll of identify {unknown}
 h - a scroll of magic mapping {unknown}
Books
 c - a book of Minor Magic

   Spells                             Type                      Level
   a - Magic Dart                     Conjuration                  1
   b - Blink                          Translocation                2
   c - Call Imp                       Summoning                    2
   d - Repel Missiles                 Charms/Air                   2
   e - Slow                           Hexes                        2
   f - Conjure Flame                  Conjuration/Fire             3
   g - Mephitic Cloud                 Conjuration/Poison/Air       3


   Skills:
 - Level 1.5 Dodging
 - Level 1.5 Stealth
 - Level 3.0 Spellcasting
 + Level 2.2 Conjurations
 - Level 0.7 Summonings
   Level 0.7 Translocations


You had 4 spell levels left.
You knew the following spells:

 Your Spells              Type           Power        Failure   Level  Hunger
d - Call Imp              Summ           #.......     24%         2    N/A
z - Magic Dart            Conj           ##..         10%         1    N/A

Dungeon Overview and Level Annotations

Branches:
Dungeon (4/15)
 Temple: D:4-7

Altars:


Innate Abilities, Weirdness & Mutations

You do not eat or drink.
Your flesh is vulnerable to fire.
You are immune to poison.
Your flesh is cold resistant.
You are immune to negative energy.
You are immune to unholy pain and torment.
You can survive without breathing.


Message History

Your white imp freezes the giant frog skeleton.
The giant frog skeleton completely resists.
You hit the giant frog skeleton.
The giant frog skeleton barely misses you.
The giant frog skeleton hits you.
Your white imp gestures at the giant frog skeleton.
The puff of frost hits the giant frog skeleton.
The giant frog skeleton resists.
You hit the giant frog skeleton. The giant frog skeleton hits you.
Your white imp hits the giant frog skeleton.
Your white imp freezes the giant frog skeleton.
The giant frog skeleton completely resists.
Your crimson imp blinks!
You completely miss the giant frog skeleton.
The giant frog skeleton hits you.
* * * LOW HITPOINT WARNING * * *
Your white imp hits the giant frog skeleton.
Your white imp freezes the giant frog skeleton.
The giant frog skeleton resists.
The giant frog skeleton hits you.
You die...

.. #..
#########...
.........#
.?......#
#.......#
#Z....[.#
##5@?....#
#......5.#
##........#
###..###.....#
#....# ##....
##....# #...
#.....# ..#
##.###..# .#
##.## #..#


You could see a giant frog skeleton, a friendly crimson imp and a friendly white
imp.

Vanquished Creatures
  A dart slug (D:3)
  A giant gecko (D:3)
  2 giant cockroaches
  A hobgoblin (D:3)
  2 quokkas (D:3)
  5 bats
  A giant newt (D:1)
  4 goblins
  A kobold (D:1)
  A rat (D:2)
19 creatures vanquished.

Notes
Turn   | Place    | Note
--------------------------------------------------------------
     0 | D:1      | Amnesiac the Mummy Wizard began the quest for the Orb.
     0 | D:1      | Reached XP level 1. HP: 13/13 MP: 4/4
    87 | D:1      | Reached skill level 1 in Conjurations
   328 | D:3      | Reached XP level 2. HP: 19/19 MP: 3/6
   332 | D:3      | Learned a level 2 spell: Call Imp
   759 | D:4      | Slain by a giant frog skeleton

Vault maps used:
D:1:      elethiomel_arrival_quiet, hangedman_abyss_or_decor_lesser_grid
D:2:      grunt_dithmenos_smoke_and_mirrors, uniq_terence
D:3:      serial_bayou, serial_bayou_pond_c, serial_bayou_pond_e,
          serial_bayou_ford_a, serial_bayou_pond_b, first_bread,
          johnstein_pakellas_dig
D:4:      uniq_grinder, uniq_eustachio, uniq_duvessa, uniq_edmund

Skill      XL: |  1  2 |
---------------+-------+-----
Conjurations   | 1 2 |  2.2
Dodging        | |  1.5
Stealth        | |  1.5
Spellcasting   | |  3.0
Summonings     | |  0.7
Translocations | |  0.7

Action                   || total
-------------------------++-------
Melee: Short sword       ||    18
 Cast: Magic Dart        ||    35
       Call Imp          ||     2
 Stab: Sleeping          ||     1
